 Dungeon Crawl Stone Soup version 0.29.1-15-g9cfb28693d (webtiles) character file.

Game seed: 13379732442889903547

2718 Sanktem7 the Cleaver (level 9, 0/81 HPs)
             Began as a Minotaur Fighter on Mar 15, 2023.
             Was a Follower of Okawaru.
             Slain by an orc warrior
             ... wielding a +0 long sword
              (9 damage)
             ... on level 8 of the Dungeon.
             The game lasted 00:15:56 (7633 turns).

Sanktem7 the Cleaver (Minotaur Fighter)             Turns: 7633, Time: 00:15:58

Health: 0/81       AC: 16    Str: 25    XL:     9   Next: 39%
Magic:  8/8        EV:  5    Int:  5    God:    Okawaru [*.....]
Gold:   373        SH: 15    Dex: 16    Spells: 8/8 levels left

rFire   . . .      SeeInvis .   a - +0 war axe {axe}
rCold   + . .      Faith    .   t - +0 tower shield
rNeg    . . .      Spirit   .   l - +0 chain mail
rPois   .          Reflect  .   (helmet restricted)
rElec   .          Harm     .   J - +2 cloak
rCorr   .          Rampage  .   y - +0 pair of gloves
Will    .....                   E - +0 pair of boots
Stlth   ..........              k - amulet of the acrobat
HPRegen 0.23/turn               x - ring of protection from cold
MPRegen 0.11/turn               B - +6 ring of dexterity

@: studying Armour
A: horns 2, retaliatory headbutt
a: Renounce Religion, Heroism


You were on level 8 of the Dungeon.
You worshipped Okawaru.
Okawaru was aware of your devotion.
You visited 2 branches of the dungeon, and saw 9 of its levels.

You collected 373 gold pieces.


Innate Abilities, Weirdness & Mutations

You have a pair of horns on your head.
You reflexively headbutt those who attack you in melee.


   Skills:
 + Level 7.8 Fighting
 * Level 10.0 Axes
 + Level 7.9 Armour
 + Level 7.7 Shields
 + Level 1.2 Invocations


You had 8 spell levels left.
You didn't know any spells.
Your spell library contained the following spells:

 Spells                   Type           Power      Damage    Failure   Level
 Sandblast                Erth           0%         2d4       100%        1
 Shock                    Conj/Air       0%         1d3       100%        1
 Passwall                 Tmut/Erth      0%         N/A       100%        2
 Ozocubu's Armour         Ice            0%         N/A       100%        3
 Stone Arrow              Conj/Erth      0%         3d7       100%        3
 Swiftness                Air            0%         N/A       100%        3
 Airstrike                Air            0%         2d(0-16)  100%        4
 Metabolic Englaciation   Hex/Ice        0%         N/A       100%        5
 Conjure Ball Lightning   Conj/Air       0%         3x3d6     100%        6
 Ozocubu's Refrigeration  Ice            0%         4d7       100%        7
 Discord                  Hex            0%         N/A       100%        8
 Disjunction              Tloc           0%         N/A       100%        8
 Simulacrum               Ice/Necr       Unusable   N/A       N/A         6

Inventory:

Hand Weapons
 a - a +0 war axe (weapon) {axe}
 h - a +1 spear of venom {polearm}
   (You took it off a gnoll sergeant on level 6 of the Dungeon)
 r - a +1 mace of protection {mace}
   (You took it off Robin on level 2 of the Dungeon)
Missiles
 b - 3 poisoned darts {throwing}
 e - 57 stones (quivered) {throwing}
 w - a boomerang {throwing}
Armour
 l - a +0 chain mail (worn)
   (You found it on level 7 of the Dungeon)
 t - a +0 tower shield (worn)
   (You found it on level 3 of the Dungeon)
 y - a +0 pair of gloves (worn)
   (You found it on level 3 of the Dungeon)
 E - a +0 pair of boots (worn)
   (You found it on level 7 of the Dungeon)
 J - a +2 cloak (worn)
   (You found it on level 8 of the Dungeon)
Jewellery
 k - an amulet of the acrobat (around neck)
   (You found it on level 1 of the Dungeon)
 o - an amulet of faith {!P}
   (You took it off a gnoll on level 7 of the Dungeon)
 x - a ring of protection from cold (left hand)
   (You found it on level 3 of the Dungeon)
 B - a +6 ring of dexterity (right hand)
   (You found it on level 4 of the Dungeon)
 C - a +6 ring of dexterity
   (You took it off an orc warrior on level 7 of the Dungeon)
Wands
 s - a wand of light (17)
   (You took it off an orc priest on level 7 of the Dungeon)
 H - a wand of charming (12)
   (You found it on level 6 of the Dungeon)
 L - a wand of roots (8)
   (You found it on level 6 of the Dungeon)
 P - a wand of mindburst (8)
   (You found it on level 5 of the Dungeon)
Scrolls
 j - 3 scrolls of fear
 m - 4 scrolls of poison {!r}
 q - 6 scrolls of teleportation {@r4}
 D - a scroll of immolation {!r!r}
 F - 2 scrolls of summoning
 M - a scroll of fog {unknown}
 O - a scroll of enchant armour {unknown}
Potions
 d - 3 potions of might
 f - 10 potions of curing {@q1}
 g - a potion of brilliance
 i - 2 potions of attraction {!q}
 n - a potion of degeneration {unknown}
 p - 3 potions of haste {unknown}
 u - a potion of mutation {unknown}
 v - 2 potions of lignification {!q}
 z - 2 potions of magic
 A - 3 potions of flight {unknown}
 G - a potion of berserk rage {unknown}
 I - a potion of cancellation {unknown}
 N - 2 potions of heal wounds {@q2}

Dungeon Overview and Level Annotations

Branches:
Dungeon (8/15) Zot: 26694  Temple (1/1) D:6 Zot: 5983
   Lair: D:8-11

Altars:
Ashenzari
Cheibriados
Dithmenos
Fedhas
Gozag
Kikubaaqudgha
Nemelex Xobeh
Okawaru
Sif Muna
Trog
Vehumet
Xom
Zin

Shops:
D:1

?:: #.........# #....
#.........# ..+....
#.........# ..#....
#.........# ..###'##
#.......######..##....
#.......#........#....
#.......#........#....
#...o{o.#........#....
#....@).#...######....
#.......#...##....)###
#.......'....#.....#
#.......#....#.....#
#.......#....'.....#
#.......######.....#
######### #######


You could see an orc warrior and an orc wizard.


Message History

😮 HP[+1]
The orc priest looks satisfied for a moment.
The orc warrior shouts!
Something closely misses you.
The orc priest miscasts a cantrip. 😮 HP[+1]
You slice something!! Something hits you but does no damage.
You barely miss something. You barely miss the orc. You block the orc's attack.
Something hits you but does no damage. x2; The orc barely misses you.
You hit something but do no damage. You slash the orc!
You kill the orc!
Okawaru accepts your kill.
You barely miss something. Something hits you.
The orc wizard casts a spell at you. The puff of flame hits you!
Something hits you but does no damage. 😮 HP[-10]
You take 10 damage, and now have 45/80 hp.
You closely miss something. Your headbutt misses something.
You slash something!
Something hits you but does no damage. x2
You completely miss something. You headbutt something.
You closely miss something. Something hits you but does no damage.
The orc warrior unwields a +0 long sword.
The orc warrior wields a +0 arbalest.
The orc warrior shoots a bolt.
You block the bolt.
Something hits you but does no damage. x3
The orc wizard hits you but does no damage.
You are poisoned.
You barely miss something. Your headbutt misses something.
You closely miss the orc priest. You barely miss the orc wizard.
You hit something. Okawaru accepts your kill.
Reactivating autopickup.
You feel a bit more experienced.
You feel very sick.
The orc priest hits you but does no damage.
You block the orc wizard's attack. Something hits you but does no damage.
Deactivating autopickup; reactivate with Ctrl-A.
The orc warrior unwields a +0 arbalest.
The orc warrior wields a +0 long sword.
The orc warrior hits you with a +0 long sword!
* * * LOW HITPOINT WARNING * * *
😨 HP[-12]
You take 12 damage, and now have 33/80 hp.
You hit something but do no damage. You barely miss the orc warrior.
You slash the orc priest! You barely miss the orc wizard.
You feel sick.
The orc priest hits you but does no damage.
You block something's attack. You block the orc wizard's attack.
The orc warrior hits you with a +0 long sword.
* * * LOW HITPOINT WARNING * * *
😨 HP[-3]
You take 3 damage, and now have 30/80 hp.
You hit something but do no damage. Your headbutt misses something.
You hit the orc priest. You barely miss the orc wizard.
You completely miss the orc warrior.
You feel sick.
The orc priest looks braver for a moment.
Something hits you.
* * * LOW HITPOINT WARNING * * *
Something shocks you.
* * * LOW HITPOINT WARNING * * *
You block the orc wizard's attack.
You block the orc warrior's attack. 😱 HP[-11]
You take 11 damage, and now have 19/80 hp.
You barely miss something. You closely miss the orc warrior.
You slash the orc priest!
You kill the orc priest!
Okawaru accepts your kill.
You hit the orc wizard.
You feel sick. You block the orc wizard's attack.
A sky beast appears from thin air!
Reactivating autopickup.
You block the sky beast's attack.
The orc warrior hits you but does no damage.
The sky beast hits you but does no damage.
You block the orc wizard's attack.
You now have 81 max hp (+1).
You closely miss the sky beast. You headbutt the sky beast.
You hit the orc wizard but do no damage.
You hit the orc warrior.
You feel sick.
The orc warrior hits you but does no damage.
You block the orc wizard's attack. The sky beast barely misses you.
You block the orc warrior's attack. 😱 HP[-1]
You take 1 damage, and now have 18/81 hp.
You hit the sky beast but do no damage. Your headbutt misses the sky beast.
You barely miss the orc warrior. You completely miss the orc wizard.
You hear the hiss of a very distant avalanche of sand.
You feel sick.
You are no longer poisoned.
You block the orc wizard's attack.
The sky beast flickers out of sight!
Deactivating autopickup; reactivate with Ctrl-A.
Something hits you.
* * * LOW HITPOINT WARNING * * *
Something shocks you.
* * * LOW HITPOINT WARNING * * *
The orc warrior barely misses you. 😱 HP[-10]
You take 10 damage, and now have 8/81 hp.
You slash something!
You hit the orc warrior but do no damage.
You closely miss the orc wizard. You block the orc wizard's attack.
Something hits you but does no damage.
The orc warrior hits you with a +0 long sword!
You die...

Skill      XL: |  1  2  3  4  5  6  7  8  9 |
---------------+----------------------------+-----
Axes           | 3 4 5 6 7 9 10 | 10.0
Fighting       | 4 5 6 7 |  7.8
Armour         | 4 5 6 7 |  7.9
Shields        | 4 5 6 7 |  7.7
Invocations    | 1 |  1.2

Action                   |  1- 3 |  4- 6 |  7- 9 || total
-------------------------+-------+-------+-------++-------
Melee: War axe           |    51 |    77 |   238 ||   366
       Headbutt          |     6 |    12 |    45 ||    63
  Use: Scroll            |       |       |    16 ||    16
       Potion            |       |       |     3 ||     3
Armor: Scale mail        |    34 |    40 |    19 ||    93
       Chain mail        |       |       |   103 ||   103
Dodge: Dodged            |    34 |    31 |    75 ||   140
Block: Buckler           |    10 |     6 |       ||    16
       Tower shield      |       |    22 |   232 ||   254

Levels and vault maps discovered:
D:1:      dpeg_arrival_arbitrary_c, layout_rooms, serial_shops,
          nicolae_shop_trees, shop, shop
D:2:      layout_basic, feat_on_display, uniq_sigmund, uniq_robin
D:3:      layout_loops_ring, mainiacjoe_overflow_six_doors_small,
          mrwooster_statue_mirror, uniq_grinder, uniq_crazy_yiuf_cottage,
          uniq_jessica
D:4:      layout_basic, xom_teletrap_fun, kennysheep_pointless_box
D:5:      layout_rooms, nemelex_spade_bored_becter
D:6:      layout_loops_corners, grunt_temple_overflow_growth_and_decay,
          nicolae_overflow_crystal_walls, minmay_temple_entry_tees,
          nicolae_grassy_gnolls
D:7:      layout_loops_corners, minmay_diced_spiral
D:8:      layout_gridville, mainiacjoe_overflow_concentric_impassable,
          tso_metal_star, nicolae_vehumet_radiance, nicolae_ossuary_entry_plus,
          uniq_grum
Temple:   nicolae_temple_bog_church

Notes
Turn   | Place    | Note
-------+----------+-------------------------------------------
     0 | D:1      | Sanktem7 the Minotaur Fighter began the quest for the Orb.
     0 | D:1      | Reached XP level 1. HP: 19/19 MP: 0/0
     0 | D:1      | magus.rc [v1.9.6]
    20 | D:1      | Found Talorph's Magic Scroll Shoppe.
    59 | D:1      | Found Zaleown's Book Boutique.
   162 | D:1      | Found Caninec's Book Shoppe.
   163 | D:1      | You pick up a book of Air and begin reading...
   163 | D:1      | You add the spells Shock, Swiftness and Airstrike to your
                  | library.
   174 | D:1      | Reached XP level 2. HP: 27/27 MP: 1/1
   260 | D:1      | Reached skill level 3 in Axes
   680 | D:1      | Reached skill level 4 in Fighting
   680 | D:1      | Reached skill level 4 in Armour
   680 | D:1      | Reached XP level 3. HP: 32/33 MP: 2/2
   842 | D:2      | Noticed Sigmund
   858 | D:2      | Killed Sigmund
   859 | D:2      | Reached skill level 4 in Axes
   859 | D:2      | Reached skill level 4 in Shields
   859 | D:2      | Reached XP level 4. HP: 22/41 MP: 3/3
   859 | D:2      | Reached XP level 5. HP: 26/47 MP: 4/4
  1096 | D:2      | You pick up a book of Geomancy and begin reading...
  1096 | D:2      | You add the spells Sandblast, Passwall and Stone Arrow to
                  | your library.
  1260 | D:2      | Noticed Robin
  1271 | D:2      | Killed Robin
  1283 | D:2      | Reached skill level 5 in Axes
  1983 | D:3      | Reached XP level 6. HP: 55/55 MP: 5/5
  2003 | D:3      | You pick up a book of Winter and begin reading...
  2003 | D:3      | You add the spells Ozocubu's Armour, Metabolic Englaciation
                  | and Simulacrum to your library.
  2176 | D:3      | Found a shimmering blue altar of Sif Muna.
  2189 | D:3      | Noticed Grinder
  2192 | D:3      | Reached skill level 5 in Armour
  2192 | D:3      | Paralysed by Grinder for 3 turns
  2211 | D:3      | Killed Grinder
  2212 | D:3      | Reached skill level 5 in Fighting
  2212 | D:3      | Reached skill level 6 in Axes
  2212 | D:3      | Reached skill level 5 in Shields
  2564 | D:3      | Noticed Jessica
  2569 | D:3      | Killed Jessica
  2570 | D:3      | Reached XP level 7. HP: 61/61 MP: 6/6
  2785 | D:3      | Found a runed translucent door.
  2786 | D:3      | Noticed Crazy Yiuf
  2794 | D:3      | Killed Crazy Yiuf
  2832 | D:4      | Found a shimmering altar of Xom.
  2974 | D:4      | Noticed a steam dragon
  2982 | D:4      | Killed a steam dragon
  3627 | D:5      | Entered Level 5 of the Dungeon
  3627 | D:5      | You fall into a shaft and drop 2 floors!
  3642 | D:7      | Reached skill level 7 in Axes
  3642 | D:7      | Reached skill level 6 in Armour
  3691 | D:7      | Reached skill level 6 in Fighting
  3694 | D:7      | Reached skill level 6 in Shields
  4017 | D:7      | Reached XP level 8. HP: 70/70 MP: 7/7
  4034 | D:7      | HP: 15/70 [wyvern (6)]
  4036 | D:7      | Reached skill level 8 in Axes
  4058 | D:7      | HP: 15/71 [orc priest/nerve-wracking pain (4)]
  4063 | D:7      | HP: 3/71 [orc priest/divine providence (11)]
  4069 | D:7      | HP: 16/71 [orc priest/+0 short sword (4)]
  4078 | D:7      | HP: 13/71 [centaur/arrow (2)]
  4396 | D:7      | HP: 11/71 [something (10)]
  5047 | D:6      | Found a bloodstained altar of Trog.
  5058 | D:6      | Reached skill level 7 in Armour
  5105 | D:6      | Found an ancient bone altar of Kikubaaqudgha.
  5108 | D:6      | Found a blossoming altar of Fedhas.
  5295 | D:6      | Found a staircase to the Ecumenical Temple.
  5302 | D:6      | Reached skill level 7 in Fighting
  5309 | Temple   | Entered the Ecumenical Temple
  5317 | Temple   | Became a worshipper of Warmaster Okawaru
  5447 | D:6      | Reached skill level 9 in Axes
  5447 | D:6      | Reached skill level 7 in Shields
  5447 | D:6      | HP: 14/73 [gnoll/+0 spear[a gnoll sergeant] (5)]
  5693 | D:6      | Reached XP level 9. HP: 77/79 MP: 8/8
  6448 | D:5      | Found a sparkling altar of Nemelex Xobeh.
  6834 | D:7      | Reached * piety under Okawaru
  7115 | D:7      | Reached skill level 1 in Invocations
  7285 | D:7      | Identified a scroll of acquirement
  7288 | D:7      | Acquired a manual of Armour
  7334 | D:8      | Found an opulent altar of Gozag.
  7366 | D:8      | Found a radiant altar of Vehumet.
  7392 | D:8      | You pick up a book of Chaos and begin reading...
  7392 | D:8      | You add the spells Conjure Ball Lightning, Disjunction and
                  | Discord to your library.
  7565 | D:8      | Reached skill level 10 in Axes
  7629 | D:8      | HP: 19/80 [something (6)]
  7632 | D:8      | HP: 8/81 [something (6)]
  7633 | D:8      | Slain by an orc warrior

Vanquished Creatures
  Grinder (D:3)
  Sigmund (D:2)
  A wyvern (D:7)
  A steam dragon (D:4)
  2 water moccasins
  A sky beast (D:7)
  A black bear (D:4)
  2 orc warriors (D:7)
  An ogre (D:6)
  A centaur (D:7)
  A kobold brigand (D:7)
  4 bullfrogs
  2 gnoll sergeants (D:6)
  A necrophage (D:3)
  2 scorpions
  3 hounds
  3 orc priests
  2 jellies
  Crazy Yiuf (D:3)
  A gnoll bouda (D:7)
  Jessica (D:3)
  3 orc wizards
  2 iguanas
  Robin (D:2)
  9 gnolls
  10 adders
  A shadow imp (D:6)
  A worm (D:5)
  2 dart slugs (D:1)
  8 orcs
  7 ball pythons
  8 bats
  2 endoplasms
  A giant cockroach (D:1)
  11 goblins
  15 hobgoblins
  5 quokkas
  3 frilled lizards (D:1)
  13 kobolds
  2 rats
137 creatures vanquished.

Vanquished Creatures (others)
  A white imp (D:7)
  5 fungi (D:3)
  4 plants (D:6)
10 creatures vanquished.

Grand Total: 147 creatures vanquished

Table legend:
 A = Non-vault XP
 B = Vault XP
 C = Vault XP percentage of total XP
 D = Non-vault monster count
 E = Vault monster count
 F = Vault count percentage of total count
                 A         B        C        D         E       F
            +---------+---------+-------+---------+---------+-------
      Total |    2575 |    1308 |  33.7 |     110 |      28 |  20.3
            +---------+---------+-------+---------+---------+-------
        D:1 |      41 |       0 |   0.0 |      23 |       0 |   0.0
        D:2 |      35 |     260 |  88.1 |      15 |      14 |  48.3
        D:3 |     122 |     344 |  73.8 |      10 |       3 |  23.1
        D:4 |     356 |       0 |   0.0 |      12 |       0 |   0.0
        D:5 |     396 |       0 |   0.0 |       9 |       0 |   0.0
        D:6 |     457 |     231 |  33.6 |       9 |       6 |  40.0
        D:7 |     962 |     473 |  33.0 |      27 |       5 |  15.6
        D:8 |     206 |       0 |   0.0 |       5 |       0 |   0.0
            +---------+---------+-------+---------+---------+-------

Illustrated notes

Table legend:
 A = Kills in this place as a percentage of kills in entire the game.
 B = Kills by you in this place as a percentage of kills by you in the entire game.
 C = Kills by friends in this place as a percentage of kills by friends in the entire game.
 D = Other kills in this place as a percentage of other kills in the entire game.
 E = Experience gained in this place as a percentage of experience gained in the entire game.
 F = Experience gained in this place divided by the number of levels of this place that you have seen.
                   A       B       C       D       E      F
               +-------+-------+-------+-------+-------+----------------------
         Total | 100.0 | 100.0 |   N/A | 100.0 | 100.0 | 431.4
       Dungeon | 100.0 | 100.0 |   N/A | 100.0 | 100.0 | 485.4
               +-------+-------+-------+-------+-------+----------------------

Table legend: (Time is in decaauts)
 A = Elapsed time spent in this place.
 B = Non-inter-level travel time spent in this place.
 C = Inter-level travel time spent in this place.
 D = Time resting spent in this place.
 E = Time spent auto-exploring this place.
 F = Levels seen in this place.
 G = Mean time per level.
                   A        B        C        D        E       F      G
               +--------+--------+--------+--------+--------+-----+--------+
         Total |   7797 |   7552 |    245 |    661 |   5445 |   9 |  866.3 |
       Dungeon |   7780 |   7535 |    245 |    661 |   5445 |   8 |  972.5 |
        Temple |     16 |     16 |      0 |      0 |      0 |   1 |   16.0 |
               +--------+--------+--------+--------+--------+-----+--------+

Top non-repeatable levels by time:
     D:7: 1862 daAuts
     D:6: 1209 daAuts
     D:3: 1176 daAuts
     D:2: 932 daAuts
     D:4: 816 daAuts
     D:1: 784 daAuts
     D:5: 695 daAuts
     D:8: 304 daAuts
  Temple: 16 daAuts
